 Dungeon Crawl Stone Soup version 0.26-a0-810-ge1a9524b62 (webtiles) character file.

Game seed: 5294222691603472813

154 mhtbhm the Shield-Bearer (level 5, -5/33 HPs)
             Began as a Gargoyle Fighter on Nov 12, 2020.
             Slain by Sigmund
             ... wielding a +0 scythe
              (6 damage)
             ... on level 2 of the Dungeon.
             The game lasted 00:01:26 (1412 turns).

mhtbhm the Shield-Bearer (Gargoyle Fighter)         Turns: 1412, Time: 00:01:27

Health: -5/33      AC: 15    Str: 21    XL:     5   Next: 35%
Magic:  5/5        EV:  7    Int:  8    God:
Gold:   62         SH:  9    Dex:  9    Spells: 4/4 levels left

rFire    . . .     SeeInvis .   a - +0 flail
rCold    . . .     Faith    .   c - +0 kite shield
rNeg     + . .     Spirit   .   b - +0 scale mail
rPois    ∞         Reflect  .   (no helmet)
rElec    +         Harm     .   (no cloak)
rCorr    .         Rampage  .   (no gloves)
MR       .....                  (no boots)
Stlth    ..........             (no amulet)
HPRegen  0.11/turn              e - +4 ring of protection
MPRegen  0.09/turn              h - ring of flight

@: no status effects
A: negative energy resistance 1, electricity resistance, unbreathing,
petrification resistance, rot immunity, AC +4
a: Evoke Flight


You were on level 2 of the Dungeon.
You visited 1 branch of the dungeon, and saw 2 of its levels.

You collected 62 gold pieces.

Inventory:

Hand Weapons
 a - a +0 flail (weapon)
Armour
 b - a +0 scale mail (worn)
 c - a +0 kite shield (worn)
Jewellery
 e - a +4 ring of protection (left hand)
 h - a ring of flight (right hand)
 i - a +6 ring of dexterity {unknown}
Potions
 d - a potion of might
 f - a potion of attraction {unknown}
 g - 2 potions of heal wounds
 j - 2 potions of magic {unknown}
 k - a potion of haste {unknown}


   Skills:
 + Level 3.8 Fighting
 + Level 3.7 Maces & Flails
 + Level 3.7 Armour
 + Level 0.8 Dodging
 + Level 4.3 Shields


You had 4 spell levels left.
You didn't know any spells.
Your spell library was empty.

Dungeon Overview and Level Annotations

Branches:
Dungeon (2/15)

Altars:

Annotations:
D:2 Sigmund


Innate Abilities, Weirdness & Mutations

You are resistant to torment.
Your stone body is resilient. (AC +4)
You are immune to poison.
You resist negative energy. (rN+)
You are resistant to electric shocks. (rElec)
You can survive without breathing.
You are immune to petrification.
You are immune to rotting.


Message History

Your shield and scale mail prevent you from hitting Sigmund.
Sigmund is moderately wounded.
Sigmund mumbles some strange words.
Sigmund flickers and vanishes!
Deactivating autopickup; reactivate with Ctrl-A.
Something hits you.
You barely miss something. You sock something! Something hits you.
Your shield and scale mail prevent you from hitting something.
Something hits you.
* * * LOW HITPOINT WARNING * * *
You barely miss something.
You hear some strange, mumbled words.
A magic dart appears from out of thin air!
The magic dart hits you!
* * * LOW HITPOINT WARNING * * *
You hit something but do no damage. Something hits you but does no damage.
You hit something. You block something's attack.
You miss something. Something hits you.
You die...

..†....########
####..........#
#..........####
#..........##.# #
#..........+..# #
#..........##.# #
#..........##.#########
#
#..........##){).......
##
#...........(@.†.......
.#
#.#####################
.# #. )# # .# ## .##
#(# (##


There were no monsters in sight!

Vanquished Creatures
  2 jellies (D:2)
  Jessica (D:2)
  8 oozes (D:2)
  A worm (D:2)
  A dart slug (D:1)
  3 goblins (D:2)
  3 hobgoblins
  A quokka (D:2)
  2 bats (D:2)
  4 frilled lizards
  9 kobolds
  A rat (D:2)
36 creatures vanquished.

Vanquished Creatures (others)
  6 fungi (D:2)
  8 toadstools (D:2)
14 creatures vanquished.

Grand Total: 50 creatures vanquished

Notes
Turn   | Place    | Note
-------+----------+-------------------------------------------
     0 | D:1      | mhtbhm the Gargoyle Fighter began the quest for the Orb.
     0 | D:1      | Reached XP level 1. HP: 14/14 MP: 1/1
   284 | D:1      | Reached XP level 2. HP: 16/19 MP: 2/2
  1095 | D:2      | Reached skill level 4 in Shields
  1095 | D:2      | Reached XP level 3. HP: 13/23 MP: 3/3
  1117 | D:2      | Reached XP level 4. HP: 18/29 MP: 4/4
  1277 | D:2      | Reached XP level 5. HP: 31/33 MP: 5/5
  1357 | D:2      | Noticed Jessica
  1360 | D:2      | Killed Jessica
  1366 | D:2      | Noticed Sigmund
  1409 | D:2      | HP: 1/33 [something/magic dart (8)]
  1412 | D:2      | Slain by Sigmund

Illustrated notes

Levels and vault maps discovered:
D:1:      dpeg_arrival_round_c, layout_basic, serial_forest,
          infiniplex_forest_clump_medium, infiniplex_forest_clump_tiny,
          infiniplex_forest_clump_long, infiniplex_forest_lined_2,
          infiniplex_forest_clump_medium, infiniplex_forest_lined_room_2,
          infiniplex_forest_zigzag_2, corexii_corridor_pit
D:2:      cheibrodos_fertilizer, layout_basic, uniq_sigmund,
          uniq_crazy_yiuf_cottage, uniq_jessica

Skill      XL: |  1  2  3  4 |
---------------+-------------+-----
Shields        | 4 |  4.3
Maces & Flails | 3 |  3.7
Fighting       | |  3.8
Armour         | |  3.7
Dodging        | |  0.8

Action                   |  1- 3 |  4- 6 || total
-------------------------+-------+-------++-------
Melee: Flail             |    94 |    70 ||   164
  Use: Scroll            |       |     1 ||     1
       Potion            |       |     1 ||     1
Armor: Scale mail        |    54 |    33 ||    87
Dodge: Dodged            |    28 |    16 ||    44
Block: Kite shield       |    51 |    18 ||    69

Table legend: (Time is in decaauts)
 A = Elapsed time spent in this place.
 B = Non-inter-level travel time spent in this place.
 C = Inter-level travel time spent in this place.
 D = Time resting spent in this place.
 E = Time spent auto-exploring this place.
 F = Levels seen in this place.
 G = Mean time per level.
                   A        B        C        D        E       F      G
               +--------+--------+--------+--------+--------+-----+--------+
         Total |   1471 |   1471 |      0 |    198 |    900 |   2 |  735.5 |
       Dungeon |   1471 |   1471 |      0 |    198 |    900 |   2 |  735.5 |
               +--------+--------+--------+--------+--------+-----+--------+

Top non-repeatable levels by time:
     D:1: 934 daAuts
     D:2: 537 daAuts
